 Dungeon Crawl Stone Soup version 0.29-a0-364-g921d912d32 (webtiles) character file.

Game seed: 6304077609661191275

29 holysushi the Cutter (level 3, 24/24 HPs)
             Began as a Kobold Monk on Apr 30, 2022.
             Was the Champion of Ignis.
             Quit the game on level 1 of the Dungeon.
             The game lasted 00:00:50 (1297 turns).

holysushi the Cutter (Kobold Monk)                  Turns: 1297, Time: 00:00:50

Health: 24/24      AC:  2    Str:  8    XL:     3   Next: 32%
Magic:  3/3        EV: 16    Int: 11    God:    Ignis [******]
Gold:   35         SH:  0    Dex: 19    Spells: 2/2 levels left

rFire   + . .      SeeInvis .   a - +0 short sword
rCold   . . .      Faith    .   (no shield)
rNeg    . . .      Spirit   .   b - +0 robe
rPois   .          Reflect  .   (no helmet)
rElec   .          Harm     .   (no cloak)
rCorr   .          Rampage  .   (no gloves)
Will    .....                   (no boots)
Stlth   +++.......              (no amulet)
HPRegen 0.08/turn               (no ring)
MPRegen 0.08/turn               (no ring)

@: no status effects
A: small, no large weapons, nightstalker 3
a: Renounce Religion, Fiery Armour, Foxfire Swarm, Rising Flame


You were on level 1 of the Dungeon.
You worshipped Ignis.
Ignis was exalted by your worship.
You visited 1 branch of the dungeon, and saw 1 of its levels.

You collected 35 gold pieces.

Inventory:

Hand Weapons
 a - a +0 short sword (weapon)
Armour
 b - a +0 robe (worn)
 e - a +0 cloak
Scrolls
 d - a scroll of identify {unknown}
 f - a scroll of silence {unknown}
 h - 2 scrolls of teleportation {unknown}
 i - a scroll of summoning {unknown}
 j - a scroll of brand weapon {unknown}
Potions
 c - a potion of ambrosia
 g - a potion of haste {unknown}


   Skills:
 + Level 3.7 Fighting
 * Level 5.1 Short Blades
 - Level 3.6 Dodging
 - Level 2.6 Stealth


You had 2 spell levels left.
You didn't know any spells.
Your spell library contained the following spells:

 Spells                   Type           Power      Damage    Failure   Level
 Animate Skeleton         Necr           0%         N/A       34%         1
 Pain                     Necr           0%         1d4       34%         1
 Vampiric Draining        Necr           0%         2d6       71%         3


Dungeon Overview and Level Annotations

Branches:
Dungeon (1/15)

Altars:
Ignis


Innate Abilities, Weirdness & Mutations

You are small and have problems with some larger weapons.
You are completely attuned to the shadows.


Message History

The hobgoblin misses you. The hobgoblin closely misses you.
You barely miss the hobgoblin. The hobgoblin misses you.
Unknown command.
The hobgoblin hits you.
You closely miss the hobgoblin.
You punch the hobgoblin, but do no damage.
The hobgoblin hits you.
Unknown command.
Unknown command.
You closely miss the hobgoblin. You punch the hobgoblin.
The hobgoblin is heavily wounded.
The hobgoblin hits you.
Unknown command.
You hit the hobgoblin but do no damage.
The hobgoblin is heavily wounded.
The hobgoblin hits you. The hobgoblin attacks as you move away!
The hobgoblin closely misses you.
You hit the hobgoblin.
You kill the hobgoblin!
Unknown command.
No target in view!
Unknown command.
No target in view!
Unknown command.
No target in view!
Unknown command.
Unknown command.
You start resting.
HP restored.
There is a faded altar of an unknown god here.
You cannot tell which god this altar belongs to.
Convert to them anyway?
Okay, then.
You cannot tell which god this altar belongs to.
Convert to them anyway?
Ignis accepts your prayer! Ignis welcomes you!
You can now rocket upward and away.
Unknown command.
Press < or > to pray at altars.
Are you sure you want to abandon this character and quit the game? (Confirm with "yes".)

### #.###############
###############.##.............
#..............................
############.##.##.##########..
#.....#.##########..
##############.8...#.............
................@................
####+#.........8......#..######..
#....^...........................
.>.......................[.......
#.#................#..#..#.......
#.#...####.....#.###..#..#...##..
#.#...####.....#.# #..#..........
...............#.###.........##..
............##........#..#.......


There were no monsters in sight!

Vanquished Creatures
  A dart slug (D:1)
  A ball python (D:1)
  5 endoplasms (D:1)
  2 giant cockroaches (D:1)
  A goblin (D:1)
  3 hobgoblins (D:1)
  2 jackals (D:1)
  A quokka (D:1)
  A bat (D:1)
  3 frilled lizards (D:1)
  2 kobolds (D:1)
  2 rats (D:1)
24 creatures vanquished.

Notes
Turn   | Place    | Note
-------+----------+-------------------------------------------
     0 | D:1      | holysushi the Kobold Monk began the quest for the Orb.
     0 | D:1      | Reached XP level 1. HP: 14/14 MP: 1/1
   184 | D:1      | Reached XP level 2. HP: 16/19 MP: 2/2
   328 | D:1      | Found a faded altar of an unknown god.
   720 | D:1      | Reached XP level 3. HP: 23/23 MP: 3/3
   768 | D:1      | Reached skill level 5 in Short Blades
  1296 | D:1      | Prayed at the altar of an unknown god.
  1296 | D:1      | Became a worshipper of Ignis, the Dying Flame
  1296 | D:1      | Reached ****** piety under Ignis
  1297 | D:1      | Quit the game

Illustrated notes

Levels and vault maps discovered:
D:1:      erik_arrival_cave_to_civilisation [erik_arrival_cave_to_hall],
          layout_basic, dreamdust_ecumenical_altar_statues, minmay_tetromino_l4

Skill      XL: |  1  2  3 |
---------------+----------+-----
Short Blades   | 5 |  5.1
Fighting       | |  3.7
Dodging        | |  3.6
Stealth        | |  2.6

Action                   || total
-------------------------++-------
Melee: Short sword       ||    58
       Punch             ||     2
 Stab: Sleeping          ||     9
Armor: Robe              ||     3
Dodge: Dodged            ||    38

Table legend: (Time is in decaauts)
 A = Elapsed time spent in this place.
 B = Non-inter-level travel time spent in this place.
 C = Inter-level travel time spent in this place.
 D = Time resting spent in this place.
 E = Time spent auto-exploring this place.
 F = Levels seen in this place.
 G = Mean time per level.
                   A        B        C        D        E       F      G
               +--------+--------+--------+--------+--------+-----+--------+
         Total |   1288 |   1241 |     47 |    151 |    922 |   1 | 1288.0 |
       Dungeon |   1288 |   1241 |     47 |    151 |    922 |   1 | 1288.0 |
               +--------+--------+--------+--------+--------+-----+--------+

Top non-repeatable levels by time:
     D:1: 1288 daAuts
